 Dungeon Crawl Stone Soup version 0.20.1-1-g8b1a95d (webtiles) character file.

217 Stelteck the Digger (level 5, -2/28 HPs)
             Began as a Gargoyle Earth Elementalist on Oct 9, 2017.
             Slain by Edmund
             ... wielding a +2 flail of distortion
              (4 damage)
             ... on level 4 of the Dungeon.
             The game lasted 00:14:31 (4044 turns).

Stelteck the Digger (Gargoyle Earth Elementalist)   Turns: 4044, Time: 00:14:31

Health: -2/28      AC: 10    Str: 11    XL:     5   Next: 94%
Magic:  7/8        EV: 11    Int: 17    God:
Gold:   116        SH:  3    Dex: 10    Spells: 2/8 levels left

rFire    . . .     SeeInvis .   f - +0 short sword
rCold    . . .     Gourm    .   (no shield)
rNeg     + . .     Faith    .   a - +0 leather armour
rPois    ∞         Spirit   .   (no helmet)
rElec    +         Reflect  +   (no cloak)
rCorr    .         Harm     .   l - +0 pair of gloves
MR       .....                  p - +1 pair of boots
Stlth    +++.......             r - +3 amulet of reflection
Regen    0.1/turn               w - ring of stealth
MPRegen  0.2/turn               (no ring)

@: no status effects
A: negative energy resistance 1, electricity resistance, unbreathing,
petrification resistance, rot immunity, AC +4
a: no special abilities


You were on level 4 of the Dungeon.
You were not hungry.

You visited 1 branch of the dungeon, and saw 4 of its levels.

You collected 116 gold pieces.

Inventory:

Hand Weapons
 f - a +0 short sword (weapon)
Missiles
 b - 99 stones
 g - 8 tomahawks (quivered)
 h - 26 sling bullets
 i - 87 bolts
Armour
 a - a +0 leather armour (worn)
 l - a +0 pair of gloves (worn)
 p - a +1 pair of boots (worn)
Jewellery
 r - a +3 amulet of reflection (around neck)
 w - a ring of stealth (left hand)
Scrolls
 j - a scroll of random uselessness {unknown}
 n - a scroll of fog
 q - 2 scrolls of enchant armour {unknown}
 s - a scroll of teleportation {unknown}
 u - a scroll of magic mapping
 y - a scroll of immolation {unknown}
 A - a scroll of remove curse
Potions
 c - a potion of brilliance {unknown}
 o - a potion of haste {unknown}
 t - 3 potions of resistance {unknown}
 v - a potion of mutation {unknown}
 x - a potion of curing {unknown}
Books
 e - a book of Geomancy

   Spells                             Type                      Level
   a - Sandblast                      Earth                        1
   b - Passwall                       Transmutation/Earth          2
   c - Stone Arrow                    Conjuration/Earth            3
   d - Petrify                        Transmutation/Earth          4
   e - Lee's Rapid Deconstruction     Earth                        5
Comestibles
 d - 2 bread rations
 k - 2 meat rations
 m - 2 chunks of flesh
 z - 3 fruits


   Skills:
 - Level 4.0 Armour
 - Level 1.5 Dodging
 - Level 2.1 Stealth
 - Level 2.0 Spellcasting
 + Level 0.0 Conjurations
 - Level 0.7 Transmutations
 - Level 6.0 Earth Magic


You had 2 spell levels left.
You knew the following spells:

 Your Spells              Type           Power        Failure   Level  Hunger
a - Sandblast             Erth           ###...       1%          1    #......
b - Passwall              Tmut/Erth      ##........   10%         2    ###....
c - Stone Arrow           Conj/Erth      ##....       22%         3    ###....


Dungeon Overview and Level Annotations

Branches:
Dungeon (4/15)
 Temple: D:4-7

Altars:
Gozag

Annotations:
D:4 Edmund, Eustachio


Innate Abilities, Weirdness & Mutations

You are resistant to torment.
Your stone body is resilient. (AC +4)
You are immune to poison.
You resist negative energy. (rN+)
You are resistant to electric shocks. (rElec)
You can survive without breathing.
You are immune to petrification.
You are immune to rotting.


Message History

Confirm with . or Enter, or press ? or * to list all spells.
Aiming: Sandblast
Press: ? - help, Shift-Dir - straight line, f/p - Edmund
Aim: Edmund, wielding a flail of distortion and wearing a shiny ring mail (lightly wounded)
The blast of sand hits Edmund.
Edmund is lightly wounded.
b - 99 stones Edmund gestures with his flail.
Edmund hits you but does no damage. Space warps horribly around you!
Ouch! That really hurt!
* * * LOW HITPOINT WARNING * * *
A gnoll comes into view.
It is wielding a whip. 2 gnolls come into view.
There is a stone staircase leading down here.
Edmund hits you but does no damage. Space bends around you.
* * * LOW HITPOINT WARNING * * *
Found a leather armour.
There is a stone staircase leading up here.
Edmund hits you but does no damage. Space bends around you.
You die... .# gg#

..# .g.#
############...#
#[.........#..#
#........>....#######
#......@@...#.#.....#..
#..........##..........
#..........##..........
#..........##..........
#..........#...........
.....................$.
#..........##..........
........<..###.........
##..#######....(......


You could see Edmund.

Vanquished Creatures
  An orc wizard (D:3)
  A howler monkey skeleton (D:3)
  6 adders
  An ooze (D:1)
  4 worms
  2 dart slugs
  5 leopard geckos
  8 orcs (D:3)
  8 bats
  8 giant cockroaches
  12 hobgoblins
  7 jackals (D:3)
  A quokka (D:3)
  5 frilled lizards
  6 goblins (D:1)
  9 kobolds
  9 rats
93 creatures vanquished.

Notes
Turn   | Place    | Note
-------+----------+-------------------------------------------
     0 | D:1      | Stelteck the Gargoyle Earth Elementalist began the quest for the Orb.
     0 | D:1      | Reached XP level 1. HP: 10/10 MP: 3/3
   186 | D:1      | Reached skill level 4 in Earth Magic
   493 | D:1      | Reached XP level 2. HP: 15/15 MP: 5/5
   500 | D:1      | Learned a level 2 spell: Passwall
  1230 | D:1      | Reached skill level 5 in Earth Magic
  1230 | D:1      | Reached XP level 3. HP: 10/19 MP: 6/6
  1377 | D:1      | Learned a level 3 spell: Stone Arrow
  2060 | D:2      | Reached skill level 1 in Armour
  2216 | D:2      | Reached XP level 4. HP: 21/24 MP: 7/7
  3058 | D:3      | Reached XP level 5. HP: 23/28 MP: 4/8
  3127 | D:3      | Found an opulent altar of Gozag.
  4006 | D:3      | Reached skill level 6 in Earth Magic
  4023 | D:4      | Noticed Edmund
  4026 | D:4      | Noticed Eustachio
  4044 | D:4      | Slain by Edmund

Skill      XL: |  1  2  3  4  5 |
---------------+----------------+-----
Earth Magic    | 4 5 6 |  6.0
Armour         | 1 3 4 |  4.0
Dodging        | |  1.5
Stealth        | |  2.1
Spellcasting   | |  2.0
Transmutations | |  0.7

Action                   |  1- 3 |  4- 6 || total
-------------------------+-------+-------++-------
Melee: Unarmed           |    19 |       ||    19
       Short sword       |    97 |   193 ||   290
Throw: Tomahawk          |       |     3 ||     3
 Cast: Sandblast         |    20 |    40 ||    60
       Stone Arrow       |       |     1 ||     1
  Use: Scroll            |     2 |     2 ||     4
 Stab: Sleeping          |     1 |     5 ||     6
  Eat: Chunk             |     5 |     6 ||    11
Armor: Robe              |    25 |       ||    25
       Leather armour    |     8 |   120 ||   128
Dodge: Dodged            |    87 |   139 ||   226
Block: Other             |     1 |    26 ||    27
